 Dungeon Crawl Stone Soup version 0.29.1-14-g9c671dbff4 (webtiles) character file.

Game seed: 8937437912822267920

347 MacCMillion the Conjurer (level 6, 0/45 HPs)
             Began as a Draconian Conjurer on Feb 16, 2023.
             Slain by Pikel
             ... wielding a +2 whip of flaming
              (12 damage)
             ... on level 4 of the Dungeon.
             The game lasted 00:11:27 (5849 turns).

MacCMillion the Conjurer (Draconian Conjurer)       Turns: 5849, Time: 00:11:27

Health: 0/45       AC:  7    Str:  9    XL:     6   Next: 33%
Magic:  14/19      EV: 12    Int: 21    God:
Gold:   309        SH:  0    Dex:  9    Spells: 4/11 levels left

rFire   . . .      SeeInvis .   f - +2 dagger (venom)
rCold   . . .      Faith    .   (no shield)
rNeg    . . .      Spirit   .   (body armour unavailable)
rPois   .          Reflect  .   (helmet restricted)
rElec   .          Harm     .   i - +0 cloak
rCorr   .          Rampage  .   (no gloves)
Will    +....                   (no boots)
Stlth   ++........              (no amulet)
HPRegen 0.15/turn               c - ring of magical power
MPRegen 0.16/turn               l - ring of willpower

@: no status effects
A: AC +6, unfitting armour, cold-blooded
a: no special abilities


You were on level 4 of the Dungeon.
You visited 1 branch of the dungeon, and saw 5 of its levels.

You collected 309 gold pieces.

Inventory:

Hand Weapons
 f - a +2 dagger of venom (weapon)
 n - a +2 dagger of venom
Missiles
 q - a throwing net
Armour
 i - a +0 cloak (worn)
Jewellery
 c - a ring of magical power (left hand)
 l - a ring of willpower (right hand)
 m - a ring of see invisible
 p - a ring of see invisible
 w - a ring of fire
Scrolls
 b - 2 scrolls of poison
 e - a scroll of silence
 o - 2 scrolls of teleportation
 s - a scroll of enchant armour {unknown}
 t - a scroll of torment {unknown}
 u - a scroll of amnesia {unknown}
 v - a scroll of vulnerability {unknown}
Potions
 a - a potion of magic
 d - 2 potions of curing
 j - a potion of flight
 k - 3 potions of heal wounds
 r - a potion of haste {unknown}
 x - a potion of ambrosia {unknown}


   Skills:
 - Level 1.7 Dodging
 - Level 1.7 Stealth
 - Level 3.0 Spellcasting
 + Level 6.1 Conjurations
 + Level 3.2 Hexes


You had 4 spell levels left.
You knew the following spells:

 Your Spells              Type           Power      Damage    Failure   Level
a - Magic Dart            Conj           100%       1d8       1%          1
b - Searing Ray           Conj           56%        2d6       1%          2
c - Fulminant Prism       Conj/Hex       11%        3d9       19%         4

Your spell library contained the following spells:

 Spells                   Type           Power      Damage    Failure   Level
 Static Discharge         Conj/Air       16%        3-5/arc   6%          2
 Dazzling Flash           Conj/Hex       44%        N/A       6%          3
 Stone Arrow              Conj/Erth      32%        3d9       12%         3
 Sandblast                Erth           6%         2d5       13%         1
 Sting                    Tmut/Pois      12%        1d3       13%         1
 Passwall                 Tmut/Erth      2%         N/A       21%         2
 Poisonous Vapours        Pois/Air       6%         N/A       21%         2
 Iskenderun's Mystic Bla  Conj/Tloc      16%        2d5       36%         4
 Olgreb's Toxic Radiance  Pois           3%         N/A       78%         4
 Lightning Bolt           Conj/Air       8%         1d20      71%         5
 Maxwell's Capacitive Co  Air            1%         ∞         100%        8


Dungeon Overview and Level Annotations

Branches:
Dungeon (5/15)
 Temple: D:4-7

Altars:

Shops:
D:3 (

Annotations:
D:4 1 runed translucent door, Gabide's ghost, amateur DEHu; Ijyb; Pikel


Innate Abilities, Weirdness & Mutations

Your plain brown scales are hard. (AC +6)
You cannot fit into any form of body armour.
You are cold-blooded and may be slowed by cold attacks.


Message History

Press: ? - help, Shift-Dir - straight line, f - Pikel
Aim: Pikel, wielding a +2 whip of flaming and wearing a +0 robe (74% to hit)
Okay, then.
Pikel closely misses you. The lemure hits you!
You climb upwards.
Level annotation: 1 runed translucent door, Gabide's ghost, amateur DEHu; Ijyb
There is a stone staircase leading down here.
The lemure barely misses you.
Pikel hits you with a +2 whip of flaming!
Pikel burns you. The lemure attacks as you move away! The lemure hits you.
Pikel closely misses you. The lemure attacks as you move away!
The lemure completely misses you.
Casting: Searing Ray (safe; 1% risk of failure)
Confirm with . or Enter, or press ? or * to list all spells.
Aiming: Searing Ray (safe; 1% risk of failure)
Press: ? - help, Shift-Dir - straight line, f - Pikel
Aim: Pikel, wielding a +2 whip of flaming and wearing a +0 robe (74% to hit)
The searing ray misses the lemure.
The searing ray hits Pikel!
Pikel is lightly wounded. (Press . to maintain the ray.)
The lemure hits you.
The searing ray hits Pikel!
Pikel is moderately wounded.
The lemure hits you but does no damage.
Pikel hits you with a +2 whip of flaming.
* * * LOW HITPOINT WARNING * * *
Pikel burns you.
* * * LOW HITPOINT WARNING * * *
The searing ray hits Pikel.
Pikel is heavily wounded.
The lemure barely misses you.
Pikel cracks his whip.
Pikel hits you but does no damage.
The searing ray hits Pikel!
Pikel is severely wounded.
You finish channelling your searing ray.
The lemure hits you but does no damage.
Pikel hits you with a +2 whip of flaming!
You die...

########....#.##^.....##...##
#........##..<..##..?..#
#.......######..+...♣..⌠
#.......# #..##..!..#
#.......# #...##W..##
#..>....# ###....##⌠##.
#.......# #.......###..
##..##5K# #####........
#..###@# #####......... #..#
#.###......######. #..#
#...#.##...# #.
##..#####......### #. #....#
##....## #. #....# #..#.# #.
#....# ####.# #. #<...# #.#
##. ###### #.# ###..


You could see Pikel and a lemure.

Vanquished Creatures
  A lemure (D:5)
  A hound (D:4)
  Jessica (D:3)
  An iguana (D:4)
  3 orc wizards (D:4)
  Robin (D:3)
  3 gnolls (D:3)
  3 adders (D:2)
  A worm (D:3)
  6 dart slugs
  9 orcs
  7 bats
  4 endoplasms
  3 giant cockroaches
  10 hobgoblins
  3 jackals (D:1)
  7 quokkas
  6 ball pythons
  11 frilled lizards
  14 goblins
  8 kobolds
  7 rats
110 creatures vanquished.

Notes
Turn   | Place    | Note
-------+----------+-------------------------------------------
     0 | D:1      | MacCMillion the Draconian Conjurer began the quest for the
                  | Orb.
     0 | D:1      | Reached XP level 1. HP: 14/14 MP: 3/3
   311 | D:1      | Reached XP level 2. HP: 19/20 MP: 5/5
   896 | D:1      | Learned a level 2 spell: Searing Ray
  1633 | D:2      | Reached XP level 3. HP: 26/26 MP: 7/7
  2068 | D:2      | You fall into a shaft and drop 1 floor!
  2226 | D:3      | Noticed Jessica
  2367 | D:3      | Reached XP level 4. HP: 33/33 MP: 8/8
  2372 | D:3      | Reached skill level 5 in Conjurations
  2372 | D:3      | Reached skill level 1 in Hexes
  2552 | D:3      | Found Lydic's Antique Weapon Emporium.
  2842 | D:3      | Found a faded altar of an unknown god.
  3495 | D:2      | Reached XP level 5. HP: 36/38 MP: 9/9
  3921 | D:4      | Learned a level 4 spell: Fulminant Prism
  4006 | D:4      | Noticed Ijyb
  4037 | D:4      | Noticed Robin
  4113 | D:3      | Killed Robin
  4468 | D:4      | Found a runed translucent door.
  4471 | D:4      | Noticed Gabide's ghost (amateur DEHu)
  4561 | D:4      | Reached XP level 6. HP: 45/45 MP: 10/10
  4842 | D:5      | Entered Level 5 of the Dungeon
  5040 | D:5      | Noticed Pikel
  5179 | D:3      | Killed Jessica
  5273 | D:4      | Reached skill level 6 in Conjurations
  5849 | D:4      | Slain by Pikel

Illustrated notes

Levels and vault maps discovered:
D:1:      erik_arrival_cave_to_civilisation [erik_arrival_cave_to_hall],
          layout_loops_ring, minmay_ruptured
D:2:      minmay_general_purpose_star, layout_loops_ring, hex_tiny,
          kennysheep_crisscross, minmay_cupped
D:3:      layout_basic, nicolae_ecumenical_pavilion, serial_shops,
          nicolae_shop_overgrown_old_shop, uniq_jessica
D:4:      layout_rooms, hellmonk_ghost_happy_afterlife, uniq_robin, uniq_ijyb
D:5:      layout_layer_cave, minmay_temple_entry_gardened_gates, serial_shops,
          shop, nicolae_shop_trees, shop_statue, uniq_pikel,
          uniq_crazy_yiuf_cottage, uniq_edmund

Skill      XL: |  1  2  3  4  5  6 |
---------------+-------------------+-----
Spellcasting   | 3 |  3.0
Conjurations   | 5 6 |  6.1
Hexes          | 1 2 3 |  3.2
Dodging        | |  1.7
Stealth        | |  1.7

Action                   |  1- 3 |  4- 6 || total
-------------------------+-------+-------++-------
Melee: Unarmed           |     7 |       ||     7
       Tailslap          |     3 |       ||     3
       Dagger            |     6 |     7 ||    13
 Cast: Magic Dart        |    82 |    68 ||   150
       Searing Ray       |     2 |    14 ||    16
  Use: Scroll            |       |     7 ||     7
 Stab: Sleeping          |     1 |     1 ||     2
Armor: Skin              |    12 |    22 ||    34
Dodge: Dodged            |    26 |    29 ||    55
